 Dungeon Crawl Stone Soup version 0.31-a0-83-gbff143cfd1 (webtiles) character file.

Game seed: 13854182997598011101

42 Sobieck the Trooper (level 3, -2/39 HPs)
             Began as an Ogre Reaver on May 23, 2023.
             Slain by a gnoll
             ... wielding a +0 club
              (4 damage)
             ... on level 2 of the Dungeon on May 24, 2023.
             The game lasted 00:04:15 (948 turns).

Sobieck the Trooper (Ogre Reaver)                    Turns: 948, Time: 00:04:16

Health: -2/39      AC:  3    Str: 16    XL:     3   Next: 54%
Magic:  6/6        EV:  9    Int: 16    God:
Gold:   0          SH:  0    Dex:  7    Spells: 5/6 levels left

rFire   . . .        a - +0 mace
rCold   . . .        (no shield)
rNeg    . . .        b - +0 robe
rPois   .            (helmet restricted)
rElec   .            (no cloak)
rCorr   .            (gloves unavailable)
SInv    .            (boots unavailable)
Will    +....        (no amulet)
Stlth   +            (no ring)
HPRegen 0.26/turn    (no ring)
MPRegen 0.10/turn

%: no passive effects
@: enlightened, flying
A: large, unfitting armour, tough skin 1
a: no special abilities


You were on level 2 of the Dungeon.
You visited 1 branch of the dungeon, and saw 2 of its levels.

Inventory:

Hand Weapons
 a - a +0 mace (weapon)
Armour
 b - a +0 robe (worn)
Magical Staves
 g - a staff of poison
Scrolls
 c - a scroll of amnesia {unknown}
 d - 2 scrolls of teleportation {unknown}
 e - 2 scrolls of enchant weapon {unknown}
 h - a scroll of magic mapping {unknown}


   Skills:
 + Level 3.6 Fighting
 * Level 3.6 Maces & Flails
 - Level 1.7 Dodging
 - Level 2.4 Spellcasting
 - Level 2.6 Conjurations


You had 5 spell levels left.
You knew the following spells:

 Your Spells              Type           Power      Damage    Failure   Level
a - Kiss of Death         Conj/Necr      20%        2d7       13%         1

Your spell library contained the following spells:

 Spells                   Type           Power      Damage    Failure   Level
 Momentum Strike          Conj/Tloc      10%        3d8       21%         2
 Ensorcelled Hibernation  Hex/Ice        0%         N/A       34%         2
 Passwall                 Tmut/Erth      0%         N/A       34%         2
 Hailstorm                Conj/Ice       5%         3d4       36%         3
 Swiftness                Air            1%         N/A       52%         3


Dungeon Overview and Level Annotations

Branches:
Dungeon (2/15)

Altars:

Shops:
D:1 *


Innate Abilities, Weirdness & Mutations

You are too large for most types of armour.
You have tough skin. (AC +1)


Message History

You hit the jackal.
The jackal is almost dead.
The jackal bites you but does no damage.
The gnoll hits you from afar with a +0 spear.
You hit the jackal but do no damage.
The jackal is almost dead.
The jackal bites you.
The gnoll hits you from afar with a +0 spear.
The jackal bites you.
You closely miss the jackal.
The jackal is almost dead.
The jackal barely misses you.
The gnoll hits you from afar with a +0 spear.
The jackal bites you. The gnoll completely misses you.
You are too injured to fight recklessly!
You hit the jackal.
You kill the jackal!
The gnoll closely misses you.
You hit the gnoll.
The gnoll is lightly wounded.
The gnoll closely misses you.
The gnoll hits you from afar with a +0 spear.
You thump the gnoll!
The gnoll is severely wounded.
The gnoll barely misses you.
The gnoll hits you from afar with a +0 spear!
You hit the gnoll but do no damage.
The gnoll is severely wounded.
The gnoll barely misses you.
The gnoll hits you from afar with a +0 spear.
The gnoll hits you but does no damage. The gnoll hits you with a +0 club.
Unknown command.
You hit the gnoll.
The gnoll is almost dead.
The gnoll hits you from afar with a +0 spear.
* * * LOW HITPOINT WARNING * * *
The gnoll hits you with a +0 club.
* * * LOW HITPOINT WARNING * * *
You barely miss the gnoll. You punch the gnoll, but do no damage.
The gnoll is almost dead.
The gnoll barely misses you.
The gnoll hits you from afar with a +0 spear.
* * * LOW HITPOINT WARNING * * *
Unknown command.
Sorry, you're not good enough to have a special ability.
Unknown command.
It was a potion of enlightenment.
You feel very buoyant.
You fly up into the air.
The gnoll hits you with a +0 club.
You die...

#.......#>........
#.......#.......#
##..............#
#...............#
#.............†.#
#####.>...........<.#
...........g..(gJg..#####
.###......##.###g##.....#
.....#.......# #@######.#
#............# #.#
#.##.........# #.#
.....g..g......#.#
......[........#.#
..........####....
......#..... #.#.
......######. . ) #......


You could see 3 gnolls and an endoplasm.

Vanquished Creatures
  3 dart slugs (D:1)
  8 bats
  2 endoplasms (D:1)
  3 giant cockroaches (D:1)
  4 goblins (D:1)
  A hobgoblin (D:1)
  2 jackals (D:2)
  6 ball pythons (D:1)
  2 frilled lizards (D:1)
  6 rats
37 creatures vanquished.

Notes
Turn   | Place    | Note
-------+----------+-------------------------------------------
     0 | D:1      | Sobieck the Ogre Reaver began the quest for the Orb.
     0 | D:1      | Reached XP level 1. HP: 22/22 MP: 3/3
     0 | D:1      | Upgraded the game from 0.31-a0-75-g6fe912e8c5 to
                  | 0.31-a0-83-gbff143cfd1
    86 | D:1      | Reached skill level 3 in Fighting
    86 | D:1      | Reached skill level 3 in Maces & Flails
    86 | D:1      | Reached XP level 2. HP: 26/31 MP: 5/5
   350 | D:1      | Reached XP level 3. HP: 32/37 MP: 6/6
   420 | D:1      | Found Yrghuop's General Store.
   947 | D:2      | HP: 1/39 [gnoll/+0 spear (2)]
   948 | D:2      | Slain by a gnoll

Illustrated notes

Levels and vault maps discovered:
D:1:      lightli_arrival_statue_moat, layout_basic, serial_shops, shop,
          minmay_misc_feat_iff
D:2:      layout_rooms

Skill      XL: |  1 |
---------------+----+-----
Fighting       | 3 |  3.6
Maces & Flails | 3 |  3.6
Dodging        | |  1.7
Spellcasting   | |  2.4
Conjurations   | |  2.6

Action                     || total
---------------------------++-------
  Melee: Mace              ||   147
         Punch             ||     2
    Use: Potion            ||     1
 Armour: Robe              ||    80
  Dodge: Dodged            ||   105

Table legend: (Time is in decaauts)
 A = Elapsed time spent in this place.
 B = Non-inter-level travel time spent in this place.
 C = Inter-level travel time spent in this place.
 D = Time resting spent in this place.
 E = Time spent auto-exploring this place.
 F = Levels seen in this place.
 G = Mean time per level.
                   A        B        C        D        E       F      G
               +--------+--------+--------+--------+--------+-----+--------+
         Total |    982 |    957 |     25 |      9 |    618 |   2 |  491.0 |
       Dungeon |    982 |    957 |     25 |      9 |    618 |   2 |  491.0 |
               +--------+--------+--------+--------+--------+-----+--------+

Top non-repeatable levels by time:
     D:1: 904 daAuts
     D:2: 78 daAuts
